 Dungeon Crawl Stone Soup version 0.31-a0-339-gda1cbd555d (webtiles) character file.

Game seed: 1355988959476159474

5299 NinjaNoafa the Changeling (level 10, -5/92 HPs)
             Began as a Troll Shapeshifter on July 19, 2023.
             Was a Priest of Qazlal.
             Slain by Erolcha
             ... wielding a +0 giant club
              (24 damage)
             ... on level 9 of the Dungeon on July 20, 2023.
             The game lasted 00:15:18 (5911 turns).

NinjaNoafa the Changeling (Troll Shapeshifter)      Turns: 5911, Time: 00:15:19

Health: -5/92      AC:  8    Str: 27    XL:     10   Next: 37%
Magic:  13/13      EV: 14    Int:  4    God:    Qazlal [***...]
Gold:   501        SH: 13    Dex: 12    Spells: 8/9 levels left

rFire   . .          .
                       - Unarmed
rCold   + . .        v - +0 kite shield
rNeg    . . .        G - +0 acid dragon scales
rPois   .            (helmet currently unavailable)
rElec   .            (cloak currently unavailable)
rCorr   +            (gloves unavailable)
SInv    .            (boots unavailable)
Will    .....        z - amulet of regeneration
Stlth   +            q - ring of protection from cold
HPRegen 1.95/turn    y - +5 ring of evasion
MPRegen 0.13/turn

%: no passive effects
@: beast-form
A: beast (slay +5), large, unfitting armour, claws 3, regeneration 1, shaggy fur
1, tough skin 1
a: Begin Untransformation, Renounce Religion, Upheaval, Elemental Force


You were on level 9 of the Dungeon.
You worshipped Qazlal.
Qazlal was most pleased with you.
You were a hulking beast.
You visited 2 branches of the dungeon, and saw 10 of its levels.

You collected 501 gold pieces.

Inventory:

Missiles
 d - 18 poisoned darts
 j - 7 javelins
 A - 8 boomerangs
 K - a curare-tipped dart
 L - 6 datura-tipped darts
Armour
 c - a +0 cloak
 v - a +0 kite shield (worn)
 G - +0 acid dragon scales (worn)
Jewellery
 q - a ring of protection from cold (left claw)
 w - a ring of protection from cold
 y - a +5 ring of evasion (right claw)
 z - an amulet of regeneration (around neck)
Talismans
 J - a beast talisman
Wands
 I - a wand of paralysis (10)
Scrolls
 e - 12 scrolls of teleportation {unknown}
 i - 2 scrolls of amnesia {unknown}
 k - 2 scrolls of blinking {unknown}
 l - 2 scrolls of silence {unknown}
 o - a scroll of enchant weapon
 s - 2 scrolls of immolation {unknown}
 u - a scroll of torment {unknown}
 x - 2 scrolls of revelation {unknown}
 C - a scroll of fear {unknown}
 D - a scroll of fog
 E - a scroll of enchant armour {unknown}
 H - a scroll of summoning {unknown}
Potions
 a - 2 potions of mutation
 b - a potion of lignification
 f - 4 potions of brilliance
 g - a potion of degeneration {unknown}
 h - 4 potions of enlightenment
 m - a potion of ambrosia
 n - a potion of berserk rage
 r - a potion of attraction {unknown}
 t - 2 potions of curing
 B - 2 potions of haste {unknown}
 F - a potion of might {unknown}


   Skills:
 + Level 3.9 Fighting
 + Level 3.3 Armour
 + Level 3.8 Dodging
 - Level 6.7 Shields
 - Level 4.3 Unarmed Combat
 - Level 6.0 Invocations
 - Level 7.5 Shapeshifting


You had 8 spell levels left.
You knew the following spells:

 Your Spells              Type           Power      Damage    Failure   Level
a - Apportation           Tloc           0%         N/A       77%         1

Your spell library contained the following spells:

 Spells                   Type           Power      Damage    Failure   Level
 Necrotise                Necr           0%         1d4       77%         1
 Shock                    Conj/Air       0%         1d3       77%         1
 Summon Small Mammal      Summ           0%         N/A       77%         1
 Ensorcelled Hibernation  Hex/Ice        0%         N/A       88%         2
 Passwall                 Tmut/Erth      0%         N/A       88%         2
 Portal Projectile        Hex/Tloc       0%         N/A       98%         3
 Swiftness                Air            0%         N/A       98%         3
 Tukima's Dance           Hex            0%         N/A       98%         3
 Airstrike                Air            0%         2d(0-16)  100%        4
 Animate Armour           Summ/Erth      0%         N/A       100%        4
 Iskenderun's Mystic Bla  Conj/Tloc      0%         2d3       100%        4
 Summon Lightning Spire   Summ/Air       0%         N/A       100%        4
 Lee's Rapid Deconstruct  Erth           0%         3d4*      100%        5


Dungeon Overview and Level Annotations

Branches:
Dungeon (9/15) Zot: 26752  Temple (1/1) D:6 Zot: 5998
   Lair: D:8-11         Orc: D:9-12

Altars:
Ashenzari
Cheibriados
Dithmenos
Elyvilon
Fedhas
Gozag
Hepliaklqana
Kikubaaqudgha
Makhleb
Nemelex Xobeh
Okawaru
Qazlal
Ru
Sif Muna
Trog
Uskayaw
Vehumet
Wu Jian
Xom
Yredelemnul
Zin
The Shining One

Shops:
D:1 *

Annotations:
D:9 Erolcha


Innate Abilities, Weirdness & Mutations

You are a hulking beast.
Your limbs bulge with bestial killing power. (Slay +5)
You are too large for most types of armour.
You have claws for hands.
Your natural rate of healing is unusually fast.
You are covered in fur. (AC +1)
You have tough skin. (AC +1)


Message History

a +0 dagger; a +0 leather armour You take 18 damage, and have 74/92 hp.
You mangle the orc!!
You kill the orc!
Qazlal accepts your kill.
You regained 2 hp, and now have 76/92 hp.
You barely miss Erolcha.
You hear a shout!
Erolcha zaps a wand.
The bolt of dispelling energy hits you!!
You take 18 damage, and have 58/92 hp.
You claw Erolcha!
You hear the creaking of a distant portcullis.
Erolcha mumbles some strange words.
Erolcha flickers and vanishes!
Deactivating autopickup; reactivate with Ctrl-A.
You regained 2 hp, and now have 60/92 hp.
You scratch something.
You hear a zap.
A bolt of dispelling energy appears from out of thin air!
The bolt of dispelling energy hits you!
The bolt of dispelling energy hits the goblin!!
The goblin dies!
Unknown command.
You take 11 damage, and have 49/92 hp.
You claw something! Something hits you!!
* * * LOW HITPOINT WARNING * * *
You take 17 damage, and have 32/92 hp.
Unknown command.
Aiming: Iceblast
Press: ? - help, Shift-Dir - straight line, f - orc
Aim: an orc, wielding a +0 mace and wearing a +0 scale mail The mass of ice explodes!
The iceblast engulfs something!
The iceblast engulfs you! You partially resist.
* * * LOW HITPOINT WARNING * * *
The iceblast engulfs the orc!!
You kill the orc!
Qazlal accepts your kill.
The now-empty wand crumbles to dust.
Something hits you!!
You die...

###................
##..# .go....# ...
#..######## o..<.#...
#)..####..........
.##.##
#...........###### .##.#
#.#.####.##.# .##.#
#.#.# #)##.# .##.# #.#.#
#.##.# ..... #.#.#
#)##.# ###.# #h#.#
#.##.# #.# ..#.####{#.#
#.##.#####
....?...)o.####.##...<.#
.........#......######.#
.##..############ #.##
#. #.## # #.## #.## #.##


You could see an orc warrior.

Vanquished Creatures
  A two-headed ogre (D:9)
  Maurice (D:9)
  Maggie (D:6)
  A hornet (D:6)
  6 yaks (D:7)
  A shadow (D:8)
  Grum (D:8)
  Edmund (D:4)
  An ogre (D:6)
  2 sky beasts (D:6)
  An ice beast (D:8)
  3 black bears (D:5)
  A centaur (D:7)
  4 wolves (D:7)
  A phantom (D:5)
  2 kobold brigands
  3 bullfrogs
  A gnoll sergeant (D:5)
  2 scorpions
  7 wights (D:8)
  6 hounds
  2 iguanas
  A sleepcap (D:7)
  5 orc wizards
  8 gnolls
  10 adders
  2 shadow imps
  2 white imps
  An ufetubus (D:5)
  A worm (D:4)
  3 dart slugs
  20 orcs
  2 bats (D:1)
  4 endoplasms
  6 giant cockroaches
  6 goblins
  6 hobgoblins
  4 quokkas
  7 ball pythons
  2 frilled lizards
  15 kobolds
  2 rats
156 creatures vanquished.

Vanquished Creatures (others)
  A goblin (D:9)
  A bat (D:1)
2 creatures vanquished.

Grand Total: 158 creatures vanquished

Notes
Turn   | Place    | Note
-------+----------+-------------------------------------------
     0 | D:1      | NinjaNoafa the Troll Shapeshifter began the quest for the
                  | Orb.
     0 | D:1      | Reached XP level 1. HP: 19/19 MP: 0/0
   286 | D:1      | Reached XP level 2. HP: 22/27 MP: 1/1
   450 | D:1      | Found Dati's Assorted Antiques.
   598 | D:1      | Reached XP level 3. HP: 33/33 MP: 2/2
   772 | D:2      | Found a sacrificial altar of Ru.
  1132 | D:2      | Found a faded altar of an unknown god.
  1153 | D:2      | Reached XP level 4. HP: 41/41 MP: 3/3
  1500 | D:3      | Found a hide-covered altar of Uskayaw.
  1875 | D:2      | Learned a level 1 spell: Apportation
  1967 | D:4      | Reached skill level 1 in Shields
  1967 | D:4      | Reached skill level 4 in Shapeshifting
  1968 | D:4      | Found an opulent altar of Gozag.
  1975 | D:4      | Reached XP level 5. HP: 48/48 MP: 4/4
  2682 | D:5      | Entered Level 5 of the Dungeon
  2741 | D:5      | Found a stormy altar of Qazlal.
  2755 | D:5      | Became a worshipper of Qazlal Stormbringer
  2855 | D:5      | Found an ornate altar of the Wu Jian Council.
  2964 | D:5      | Noticed a black bear
  2975 | D:5      | Killed a black bear
  2976 | D:5      | Reached XP level 6. HP: 29/55 MP: 5/5
  3010 | D:5      | Upgraded the game from 0.31-a0-331-geda263fcf1 to
                  | 0.31-a0-339-gda1cbd555d
  3050 | D:5      | Reached skill level 1 in Invocations
  3098 | D:5      | Reached skill level 5 in Shapeshifting
  3112 | D:5      | Reached XP level 7. HP: 55/62 MP: 7/7
  3271 | D:5      | Noticed Edmund
  3296 | D:4      | Killed Edmund
  3587 | D:6      | Reached * piety under Qazlal
  3592 | D:6      | Reached XP level 8. HP: 69/70 MP: 9/9
  3686 | D:6      | Noticed Maggie
  3704 | D:6      | Killed Maggie
  3705 | D:6      | Reached skill level 6 in Shapeshifting
  3784 | D:6      | Found a staircase to the Ecumenical Temple.
  3817 | D:6      | Reached skill level 5 in Shields
  4117 | D:6      | Found a hazy altar of Hepliaklqana.
  4163 | D:7      | Noticed a hornet
  4216 | Temple   | Entered the Ecumenical Temple
  4347 | D:2      | You fall into a shaft and drop 2 floors!
  4448 | D:7      | Paralysed by a hornet for 3 turns
  4461 | D:6      | Killed a hornet
  4576 | D:7      | Reached skill level 5 in Invocations
  4683 | D:7      | Reached XP level 9. HP: 50/76 MP: 11/11
  4692 | D:7      | Reached skill level 7 in Shapeshifting
  4746 | D:7      | Reached ** piety under Qazlal
  5141 | D:8      | Noticed Grum
  5203 | D:7      | Reached skill level 1 in Armour
  5260 | D:8      | Found an ancient bone altar of Kikubaaqudgha.
  5480 | D:8      | Reached XP level 10. HP: 74/89 MP: 13/13
  5535 | D:8      | Killed Grum
  5766 | D:9      | Noticed Maurice
  5769 | D:9      | Paralysed by Maurice for 3 turns
  5776 | D:9      | Noticed a two-headed ogre
  5777 | D:9      | Paralysed by something for 4 turns
  5782 | D:9      | Paralysed by something for 3 turns
  5788 | D:9      | Killed a two-headed ogre
  5798 | D:9      | Killed Maurice
  5813 | D:9      | Noticed Erolcha
  5829 | D:9      | Reached *** piety under Qazlal
  5911 | D:9      | Slain by Erolcha

Illustrated notes

Levels and vault maps discovered:
D:1:      psy_arrival_heroes, layout_basic, serial_shops,
          nicolae_shop_peninsula, chequers_serial_rivers_marsh
D:2:      layout_loops_ring, basic_altar, nicolae_ecumenical_oubliette
D:3:      layout_basic, lemuel_coloured_pillars_altar
D:4:      layout_loops_ring, grunt_gozag_statues
D:5:      kennysheep_spiral_hall, layout_loops_ring, grunt_qazlal_sundering,
          nicolae_wu_jian_immortal_techniques, minmay_misc_feat_ornament,
          uniq_edmund
D:6:      layout_rooms, nicolae_overflow_hidden_temple, temple_doors_e,
          uniq_maggie
D:7:      layout_cave_pools, serial_column_ruins, column_ruins_open_small,
          column_ruins_open_small, column_ruins_columns_straight,
          minmay_crossroads
D:8:      layout_rooms, general_overflow_altar, kennysheep_generic_room_10,
          uniq_grum
D:9:      layout_loops_ring, enter_bailey_3, grunt_decor_resistance,
          nicolae_figureground_sparkle, uniq_maurice, uniq_erolcha
Temple:   nicolae_temple_no_exploring_needed

Skill      XL: |  1  2  3  4  5  6  7  8  9 10 |
---------------+-------------------------------+-----
Unarmed Combat | 3 4 |  4.3
Shields        | 1 2 3 4 5 6 |  6.7
Shapeshifting  | 4 5 6 7 |  7.5
Invocations    | 2 3 5 6 |  6.0
Fighting       | 2 3 |  3.9
Armour         | 2 3 |  3.3
Dodging        | 2 3 |  3.8

Action                     |  1- 3 |  4- 6 |  7- 9 | 10-12 || total
---------------------------+-------+-------+-------+-------++-------
  Melee: Unarmed           |    65 |    92 |   274 |    51 ||   482
         Punch             |     1 |       |       |       ||     1
   Cast: Apportation       |       |     1 |       |       ||     1
  Evoke: Wand              |       |       |       |     1 ||     1
    Use: Scroll            |       |     8 |     2 |     1 ||    11
         Potion            |       |     1 |     5 |       ||     6
   Stab: Sleeping          |       |     1 |       |       ||     1
 Armour: Animal skin       |    13 |    26 |    10 |       ||    49
         Acid dragon scale |       |       |    60 |     5 ||    65
         Skin              |       |       |    11 |       ||    11
  Dodge: Dodged            |    38 |    44 |   129 |    19 ||   230
  Block: Kite shield       |       |    26 |   169 |    30 ||   225
         Form:             |     2 |       |       |       ||     2
         Beast             |     2 |       |       |       ||     2

Table legend: (Time is in decaauts)
 A = Elapsed time spent in this place.
 B = Non-inter-level travel time spent in this place.
 C = Inter-level travel time spent in this place.
 D = Time resting spent in this place.
 E = Time spent auto-exploring this place.
 F = Levels seen in this place.
 G = Mean time per level.
                   A        B        C        D        E       F      G
               +--------+--------+--------+--------+--------+-----+--------+
         Total |   5945 |   5179 |    766 |     53 |   3703 |  10 |  594.5 |
       Dungeon |   5943 |   5178 |    765 |     53 |   3703 |   9 |  660.3 |
        Temple |      1 |      0 |      1 |      0 |      0 |   1 |    1.0 |
               +--------+--------+--------+--------+--------+-----+--------+

Top non-repeatable levels by time:
     D:5: 936 daAuts
     D:4: 872 daAuts
     D:1: 778 daAuts
     D:6: 724 daAuts
     D:7: 690 daAuts
     D:2: 622 daAuts
     D:3: 565 daAuts
     D:8: 531 daAuts
     D:9: 222 daAuts
  Temple: 1 daAuts
